 Dungeon Crawl Stone Soup version 0.27.0-66-gdc8fb28755 (webtiles) character file.

Game seed: 2674150742082504126

1089 Kinoniko the Grappler (level 8, -2/80 HPs)
             Began as a Troll Monk on Aug 20, 2021.
             Was a Believer of Okawaru.
             Slain by a gnoll sergeant (6 damage)
             ... on level 6 of the Dungeon.
             The game lasted 00:03:34 (3181 turns).

Kinoniko the Grappler (Troll Monk)                  Turns: 3181, Time: 00:03:35

Health: -2/80      AC:  4    Str: 20    XL:     8   Next: 9%
Magic:  7/7        EV:  5    Int:  6    God:    Okawaru [**....]
Gold:   1068       SH:  0    Dex: 14    Spells: 7/7 levels left

rFire    . . .     SeeInvis .     - Unarmed
rCold    . . .     Faith    .   (no shield)
rNeg     + . .     Spirit   .   a - +0 robe
rPois    .         Reflect  .   (helmet restricted)
rElec    .         Harm     .   (no cloak)
rCorr    .         Rampage  .   (gloves unavailable)
Will     .....                  (boots unavailable)
Stlth    ++........             (no amulet)
HPRegen  1.23/turn              h - ring of positive energy
MPRegen  0.10/turn              (no ring)

@: held
A: large, unfitting armour, claws 3, regeneration 1, shaggy fur 1, tough skin 1
a: Renounce Religion, Heroism


You were on level 6 of the Dungeon.
You worshipped Okawaru.
Okawaru was pleased with you.
You visited 1 branch of the dungeon, and saw 6 of its levels.

You collected 1068 gold pieces.

Inventory:

Missiles
 p - a throwing net (quivered)
Armour
 a - a +0 robe (worn)
Jewellery
 h - a ring of positive energy (left claw)
 k - a ring of resist corrosion
Wands
 i - a wand of paralysis (6)
 j - a wand of iceblast (6)
 o - a wand of polymorph (11)
Scrolls
 b - a scroll of vulnerability
 d - a scroll of teleportation
 f - 2 scrolls of fear
 l - 3 scrolls of noise
 q - a scroll of identify
Potions
 c - a potion of might {unknown}
 e - 2 potions of magic {unknown}
 g - a potion of flight {unknown}
 m - a potion of lignification {unknown}
 n - a potion of curing {unknown}


   Skills:
 + Level 5.1 Fighting
 - Level 2.4 Dodging
 - Level 1.0 Stealth
 * Level 8.4 Unarmed Combat


You had 7 spell levels left.
You didn't know any spells.
Your spell library was empty.

Dungeon Overview and Level Annotations

Branches:
Dungeon (6/15)
 Temple: D:4-7

Altars:
Gozag
Hepliaklqana
Okawaru
Qazlal
Trog
The Shining One

Shops:
D:4 (

Annotations:
D:4 2 transporters


Innate Abilities, Weirdness & Mutations

You are too large for most types of armour.
You have claws for hands.
Your natural rate of healing is unusually fast.
You are covered in fur. (AC +1)
You have tough skin. (AC +1)


Message History

A gnoll comes into view. It is wielding a +0 spear.
A gnoll and a gnoll sergeant come into view.
A gnoll comes into view. It is wielding a +0 club.
The gnoll shouts!
You hear a shout!
The gnoll shouts!
A gnoll comes into view. It is wielding a +0 flail.
A gnoll comes into view. It is wielding a +0 spear.
The gnoll hits you from afar with a +0 spear!
Okay, then.
Unknown command.
The gnoll closely misses you.
The gnoll sergeant hits you from afar with a +0 spear!
You closely miss the gnoll.
The gnoll sergeant hits you from afar with a +0 spear!
The gnoll throws a throwing net.
The throwing net hits you.
You become entangled in the net!
You are held in a net!
You are held in a net!
You are held in a net!
You are held in a net!
Unknown command.
You struggle against the net.
The gnoll hits you but does no damage. x2
The gnoll sergeant barely misses you. The gnoll hits you but does no damage.
The gnoll hits you with a +0 club.
You struggle against the net.
The gnoll hits you with a +0 flail! The gnoll barely misses you.
The gnoll completely misses you.
The gnoll sergeant hits you from afar with a +0 spear!
The gnoll hits you with a +0 flail! The gnoll hits you but does no damage.
Unknown command.
You struggle against the net.
The gnoll hits you with a +0 spear. The gnoll barely misses you.
The gnoll sergeant barely misses you. The gnoll hits you with a +0 flail!
* * * LOW HITPOINT WARNING * * *
The gnoll barely misses you.
Unknown command.
You struggle against the net.
The gnoll hits you with a +0 flail!
* * * LOW HITPOINT WARNING * * *
The gnoll hits you with a +0 spear.
* * * LOW HITPOINT WARNING * * *
The gnoll sergeant hits you from afar with a +0 spear.
You die...

#..#................#
#..#.......#.......##
.................###
................##
..##............##
.## #.. ##.......# .#
##......# ### ..
#......g#...###
........@gg....#
#.....##gg.....#
#....# #..g.....
..... .......## ...
......... ..
......#... .........#
.......#...


You could see a gnoll sergeant and 5 gnolls.

Vanquished Creatures
  2 water moccasins (D:5)
  An ogre (D:4)
  A phantom (D:4)
  A kobold brigand (D:5)
  3 scorpions (D:5)
  A water moccasin skeleton (D:5)
  A howler monkey (D:6)
  A centaur zombie (D:5)
  2 centaur skeletons
  A hound (D:5)
  An iguana (D:5)
  2 orc wizards (D:5)
  A killer bee zombie (D:5)
  A howler monkey skeleton (D:5)
  4 adders
  3 gnolls (D:5)
  An ufetubus (D:4)
  3 adder skeletons (D:4)
  2 worms (D:3)
  2 dart slugs (D:4)
  8 orcs
  5 bats
  2 endoplasms
  A giant cockroach (D:1)
  5 goblins
  5 hobgoblins
  3 jackals (D:2)
  12 kobolds
  4 quokkas
  3 ball pythons
  A frilled lizard (D:1)
  5 rats
88 creatures vanquished.

Notes
Turn   | Place    | Note
-------+----------+-------------------------------------------
     0 | D:1      | Kinoniko the Troll Monk began the quest for the Orb.
     0 | D:1      | Reached XP level 1. HP: 22/22 MP: 0/0
   311 | D:1      | Reached XP level 2. HP: 29/29 MP: 1/1
   763 | D:2      | Found a faded altar of an unknown god.
   982 | D:2      | Reached XP level 3. HP: 36/36 MP: 2/2
  1209 | D:3      | Reached skill level 4 in Unarmed Combat
  1481 | D:3      | Found a hazy altar of Hepliaklqana.
  1631 | D:3      | Reached XP level 4. HP: 45/45 MP: 3/3
  1851 | D:4      | Noticed a phantom
  1860 | D:4      | Killed a phantom
  1861 | D:4      | Reached skill level 5 in Unarmed Combat
  1861 | D:4      | Reached XP level 5. HP: 32/53 MP: 4/4
  1934 | D:4      | Noticed an ogre
  1940 | D:4      | Killed an ogre
  1943 | D:4      | Reached XP level 6. HP: 62/62 MP: 5/5
  1948 | D:4      | Found a transporter.
  1948 | D:4      | Found a transporter.
  1949 | D:4      | Noticed a two-headed ogre
  1953 | D:4      | Noticed an acid dragon
  1958 | D:4      | Found a glowing golden altar of the Shining One.
  2031 | D:4      | Found a stormy altar of Qazlal.
  2032 | D:4      | Found an opulent altar of Gozag.
  2033 | D:4      | Found a bloodstained altar of Trog.
  2207 | D:4      | Found Nuthil's Antique Weapon Emporium.
  2494 | D:5      | Entered Level 5 of the Dungeon
  2495 | D:5      | Identified a scroll of acquirement
  2496 | D:5      | Acquired 881 gold pieces
  2515 | D:5      | Reached skill level 6 in Unarmed Combat
  2626 | D:5      | Reached XP level 7. HP: 70/70 MP: 6/6
  2666 | D:5      | Reached skill level 7 in Unarmed Combat
  2853 | D:5      | Found an iron altar of Okawaru.
  2859 | D:5      | Reached skill level 8 in Unarmed Combat
  2865 | D:5      | Reached skill level 5 in Fighting
  2865 | D:5      | Reached XP level 8. HP: 51/80 MP: 7/7
  3038 | D:5      | Became a worshipper of Warmaster Okawaru
  3038 | D:5      | Reached * piety under Okawaru
  3038 | D:5      | Reached ** piety under Okawaru
  3181 | D:6      | HP: 4/80 [gnoll (5)]
  3181 | D:6      | Slain by a gnoll sergeant

Illustrated notes

Levels and vault maps discovered:
D:1:      nzn_arrival_crosshair, layout_basic, kennysheep_small_spiral,
          serial_park_tiny_2
D:2:      layout_basic, shapermc_ecumenical_altar_totnotflames
D:3:      layout_basic, mainiacjoe_overflow_concentric_impassable
D:4:      layout_basic, mainiacjoe_overflow_six_doors_small,
          gammafunk_temple_overflow_arena, serial_shops, nicolae_lakefront_shop
D:5:      layout_rooms, okawaru_gym_becter, kennysheep_potato
D:6:      layout_cave_pools, nicolae_ossuary_entry_catacombs, serial_shops,
          nicolae_diamond_shop, eino_small_chamber_without_monster,
          kennysheep_generic_room_13

Skill      XL: |  1  2  3  4  5  6  7 |
---------------+----------------------+-----
Unarmed Combat | 4 5 6 8 |  8.4
Fighting       | 3 4 5 |  5.1
Dodging        | |  2.4
Stealth        | |  1.0

Action                   |  1- 3 |  4- 6 |  7- 9 || total
-------------------------+-------+-------+-------++-------
Melee: Unarmed           |    95 |    86 |    53 ||   234
       Punch             |       |     1 |     2 ||     3
  Use: Scroll            |       |     8 |       ||     8
 Stab: Sleeping          |     4 |     4 |     1 ||     9
Armor: Robe              |    29 |    27 |    16 ||    72
Dodge: Dodged            |    34 |    34 |    39 ||   107
